Map: Ruins of Seras

Players

MelloW (Nina) - Winner!

  • Race: Protoss Protoss
  • League: Grandmaster

MarineLorD

  • Race: Terran Terran
  • League: Grandmaster

VOD

Have the link to the VOD?

Description

Time

  • Played on: Dec. 29, 2015, 4:38 p.m.
  • Length: 12:35
Show
View Real Time Build Order
Export as new Build Order

MelloW Protoss - Winner!

Build Orders: Nexus First, Blink Stalkers 

Get SALT Encoding   

  12  0:02  Probe (Chrono Boost)  
  13  0:13  Probe (Chrono Boost)  
  14  0:18  Pylon  
  14  0:23  Probe (Chrono Boost)  
  15  0:37  Probe (Chrono Boost)  
  16  0:47  Probe (Chrono Boost)  
  17  0:58  Nexus  
  17  1:09  Gateway  
  17  1:12  Probe (Chrono Boost)  
  17  1:17  Assimilator  
  18  1:23  Probe (Chrono Boost)  
  19  1:26  Assimilator  
  19  1:34  Probe (Chrono Boost)  
  20  1:42  Gateway  
  20  1:45  Probe (Chrono Boost)  
  21  1:56  Probe (Chrono Boost)  
  21  1:57  Cybernetics Core  
  22  2:07  Probe (Chrono Boost)  
  23  2:11  Probe (Chrono Boost)  
  26  2:17  Probe (Chrono Boost)  
  26  2:21  Probe (Chrono Boost)  
  26  2:27  Probe (Chrono Boost)  
  27  2:32  Probe (Chrono Boost)  
  27  2:33  Adept x2 (Chrono Boost)  
  27  2:35  Warp Gate  
  32  2:39  Probe  
  32  2:43  Probe  
  34  2:51  Mothership Core  
  36  2:56  Probe  
  37  3:04  Pylon  
  37  3:08  Probe  
  38  3:14  Twilight Council  
  38  3:22  Nexus  
  38  3:23  Probe (Chrono Boost)  
  38  3:25  Probe (Chrono Boost)  
  40  3:34  Probe (Chrono Boost)  
  40  3:36  Probe (Chrono Boost), Pylon  
  42  3:45  Probe x2 (Chrono Boost)  
  44  3:51  Blink (Chrono Boost)  
  42  3:55  Robotics Facility  
  42  3:56  Probe  
  42  3:57  Probe  
  42  4:07  Gateway  
  42  4:08  Probe  
  43  4:10  Gateway, Probe  
  43  4:14  Pylon  
  44  4:20  Probe  
  44  4:23  Probe  
  46  4:32  Probe  
  46  4:33  Gateway  
  46  4:34  Gateway, Probe  
  46  4:35  Probe  
  49  4:40  Stalker  
  49  4:41  Stalker  
  53  4:46  Warp Prism (Chrono Boost)  
  53  4:48  Probe  
  53  4:49  Probe  
  53  4:50  Probe  
  58  5:00  Probe  
  58  5:02  Stalker  
  58  5:04  Stalker x2  
  65  5:17  Stalker, Assimilator  
  65  5:21  Observer (Chrono Boost), Pylon  
  68  5:22  Assimilator  
  68  5:24  Probe  
  68  5:28  Stalker  
  71  5:31  Stalker  
  71  5:34  Stalker  
  75  5:43  Stalker  
  75  5:46  Observer  
  76  5:51  Probe  
  76  5:53  Probe  
  76  5:54  Pylon  
  76  5:55  Pylon  
  78  5:59  Assimilator  
  78  6:02  Stalker x2, Assimilator  
  82  6:04  Stalker  
  82  6:08  Probe  
  82  6:10  Probe  
  84  6:13  Probe  
  85  6:29  Stalker x3, Probe  
  92  6:36  Probe  
  92  6:37  Probe  
  92  6:41  Probe  
  92  6:43  Zealot, Charge (Chrono Boost)  
  92  6:46  Probe  
  95  6:48  Probe  
  95  6:51  Pylon  
  95  6:53  Probe  
  98  6:54  Stalker  
  98  6:57  Probe  
  98  7:01  Pylon  
  101  7:05  Pylon  
  101  7:07  Pylon  
  101  7:21  Stalker x2  
  101  7:22  Stalker x2  
  101  7:32  Probe x2, Warp Prism  
  101  7:33  Probe  
  102  7:37  Robotics Bay  
  102  7:39  Pylon  
  102  7:42  Probe, Pylon  
  102  7:43  Probe, Forge  
  104  7:54  Forge  
  104  7:55  Stalker x4  
  104  7:56  Stalker x2  
  114  8:04  Pylon  
  112  8:09  Immortal  
  112  8:10  Pylon  
  116  8:17  Resonating Glaives (Chrono Boost)  
  116  8:19  Zealot  
  118  8:20  Zealot x4  
  118  8:22  Protoss Ground Armor Level 1 (Chrono Boost)  
  126  8:31  Zealot  
  126  8:33  Protoss Ground Weapons Level 1 (Chrono Boost)  
  128  8:41  Zealot x3  
  132  8:42  Gateway  
  132  8:43  Gateway  
  130  8:48  Zealot x2  
  130  8:50  Disruptor  
  130  8:53  Zealot  
  124  9:02  Zealot x3  
  122  9:06  Templar Archives  
  122  9:09  Zealot  
  124  9:11  Zealot  
  126  9:22  Zealot x2  
  126  9:23  Zealot x2  
  132  9:26  Disruptor  
  132  9:30  Zealot  
  137  9:34  Nexus  
  137  9:37  Zealot  
  139  9:44  High Templar x4  
  147  9:48  Pylon  
  147  9:49  Pylon, Archon x2  
  147  9:54  Pylon  
  147  9:55  Photon Cannon  
  147  10:03  High Templar x3  
  147  10:04  Disruptor (Chrono Boost), High Templar  
  158  10:08  Archon x2  
  158  10:19  Zealot  
  158  10:20  Zealot x3  
  152  10:31  Protoss Ground Weapons Level 2 (Chrono Boost)  
  152  10:32  Protoss Ground Armor Level 2 (Chrono Boost)  
  152  10:35  Disruptor (Chrono Boost)  
  152  10:38  Robotics Facility  
  152  10:41  Pylon  
  155  10:45  Photon Cannon  
  155  10:46  Pylon  
  155  10:50  Zealot  
  155  10:51  Zealot x4  
  155  10:52  Probe  
  155  10:53  Probe x2  
  168  10:59  Probe  
  168  11:02  Zealot  
  171  11:06  High Templar x2  
  175  11:11  Warp Prism  
  175  11:12  Zealot x3  
  175  11:14  Psionic Storm  
  183  11:18  Archon  
  176  11:35  Disruptor  
  176  11:39  Zealot x3  
  183  11:40  Zealot x5  
  183  11:44  Assimilator x2  
  193  11:47  Pylon  
  193  11:53  Disruptor  
  195  12:05  Zealot  
  195  12:06  Zealot x6  
  169  12:16  Zealot  
Show
View Real Time Build Order
Export as new Build Order

MarineLorD Terran 

Build Orders: Liberator Opening, MMM Bio 

Get SALT Encoding   

  12  0:02  SCV  
  13  0:14  SCV  
  13  0:18  Supply Depot  
  14  0:27  SCV  
  15  0:39  SCV  
  15  0:41  Barracks  
  16  0:46  Refinery  
  16  0:51  SCV  
  17  1:03  SCV  
  18  1:16  SCV  
  19  1:28  Barracks Reactor, Orbital Command  
  19  1:44  Command Center  
  19  1:54  SCV, Supply Depot  
  20  2:05  Marine  
  20  2:06  SCV, Marine  
  23  2:14  Factory  
  23  2:18  SCV  
  24  2:23  Marine  
  24  2:24  Marine  
  24  2:28  Refinery  
  26  2:30  SCV  
  27  2:42  SCV, Marine x2  
  30  2:54  SCV  
  30  2:56  Orbital Command  
  31  2:59  Bunker  
  31  3:05  Starport  
  30  3:09  Factory Tech Lab  
  30  3:14  SCV  
  30  3:16  Marine  
  30  3:17  Marine  
  33  3:22  SCV  
  33  3:26  SCV  
  35  3:31  Cyclone, Liberator  
  38  3:38  Supply Depot  
  38  3:39  Marine x2  
  40  3:44  SCV  
  40  3:53  SCV  
  44  3:56  SCV  
  44  3:58  Marine  
  46  4:03  Marine  
  46  4:05  SCV, Supply Depot  
  46  4:08  SCV  
  49  4:16  Liberator  
  50  4:17  SCV, Factory Tech Lab  
  50  4:20  SCV, Marine  
  50  4:21  Supply Depot, Marine  
  53  4:29  Supply Depot, SCV  
  54  4:32  SCV  
  58  4:41  SCV  
  58  4:44  SCV  
  60  4:46  Barracks  
  60  4:47  Barracks, Marine x2  
  60  4:52  Engineering Bay  
  62  4:56  SCV x2  
  64  5:00  Supply Depot  
  64  5:04  Factory Reactor, Marine  
  64  5:05  Liberator, Marine  
  66  5:08  SCV, Refinery  
  66  5:10  SCV  
  67  5:22  SCV, Marine  
  67  5:23  SCV, Marine  
  67  5:27  Terran Infantry Weapons Level 1  
  74  5:33  Missile Turret x2  
  74  5:36  Stimpack  
  74  5:41  Marauder  
  76  5:44  SCV x2  
  76  5:48  Widow Mine  
  80  5:54  Marauder  
  80  5:55  Marine  
  80  5:56  SCV, Marine  
  82  6:01  SCV  
  83  6:05  Supply Depot  
  83  6:06  Supply Depot  
  83  6:08  SCV  
  83  6:11  Marauder  
  86  6:21  Medivac  
  86  6:24  SCV, Medivac  
  86  6:27  Marauder  
  88  6:34  Marauder, Marine x2  
  88  6:35  Combat Shields  
  88  6:36  SCV  
  91  6:40  Widow Mine  
  92  6:47  Command Center  
  92  6:54  Marauder, Barracks, Marine x2  
  92  6:56  Barracks, Marauder  
  98  7:02  SCV x2  
  98  7:03  Refinery  
  98  7:06  Supply Depot, Medivac  
  102  7:09  Supply Depot  
  102  7:17  SCV  
  102  7:23  SCV, Widow Mine  
  102  7:27  Medivac  
  102  7:29  SCV, Marauder  
  98  7:32  Marauder  
  98  7:35  SCV  
  98  7:36  Medivac  
  102  7:37  Marine x2  
  102  7:41  SCV  
  102  7:42  Barracks Tech Lab  
  102  7:43  Barracks Reactor  
  105  7:47  SCV  
  105  7:51  Marauder  
  107  7:53  SCV  
  107  7:54  Terran Infantry Armor Level 1  
  107  7:55  Liberator  
  108  7:59  SCV  
  108  8:02  Orbital Command  
  111  8:05  SCV  
  111  8:06  Marine x2, Marauder x2  
  116  8:14  Factory Reactor, Marine  
  116  8:17  SCV x2  
  122  8:23  Marine  
  122  8:26  Marine x3  
  128  8:27  Marine, Marauder  
  128  8:30  SCV x2, Refinery, Orbital Command  
  131  8:35  Missile Turret  
  131  8:39  Marauder  
  133  8:44  SCV, Marine  
  133  8:46  SCV, Marauder  
  131  8:48  Marauder  
  131  8:49  Medivac  
  131  8:56  Concussive Shells  
  131  8:58  SCV  
  131  9:00  Marine, Marauder  
  133  9:07  Marine  
  133  9:09  Supply Depot  
  134  9:10  Supply Depot, SCV  
  134  9:11  Supply Depot, Widow Mine x2  
  134  9:12  Marine x2  
  134  9:13  Supply Depot, Marauder  
  141  9:18  Liberator  
  141  9:20  Armory, Liberator  
  141  9:22  Marauder  
  141  9:30  Marauder, Marine x3  
  146  9:31  Supply Depot  
  152  9:42  Marine, Marauder  
  155  9:47  Refinery  
  155  9:48  Supply Depot  
  155  9:49  Supply Depot  
  155  9:53  Widow Mine x2  
  155  9:59  Marauder x2, Marine  
  164  10:00  Engineering Bay  
  164  10:06  Terran Infantry Weapons Level 2  
  164  10:07  Terran Ship Weapons Level 1  
  164  10:09  Liberator x2, Marauder  
  164  10:12  Marine x2  
  164  10:13  Marine  
  169  10:16  Marine  
  169  10:20  Marauder x2  
  142  10:29  Marine x2  
  142  10:30  Marine, Marauder  
  142  10:34  Widow Mine, Marine  
  142  10:35  Widow Mine  
  152  10:41  Supply Depot  
  152  10:42  Marauder x2  
  156  10:48  Marine  
  157  10:51  Marauder  
  157  10:52  Barracks  
  157  10:53  Barracks  
  157  10:54  Marine  
  157  10:56  Marine  
  161  11:00  Liberator x2, Marine  
  161  11:03  Marauder x2  
  166  11:12  Marine x2  
  166  11:13  Marauder  
  166  11:14  Marine  
  166  11:18  Marine  
  178  11:24  Starport  
  178  11:25  Marauder x2  
  179  11:27  Factory Reactor  
  179  11:30  Marine x2  
  179  11:32  Marine  
  167  11:34  Marauder  
  167  11:36  Marine  
  170  11:46  Marauder x2  
  174  11:48  Marine x2  
  174  11:50  Marine  
  177  11:55  Marine  
  177  11:56  Barracks Tech Lab, Marauder  
  177  11:57  Barracks Tech Lab  
  177  12:00  Medivac x2  
  169  12:06  Marine x2  
  169  12:07  Marauder x2  
  157  12:11  Marine  
  157  12:13  Marine  
  157  12:14  Marine x2  
Tags
 
Add a new tag
Caveats
  • Supply blocks, unpowered buildings, or Contaminate may cause inaccurate times.
  • Supply counts are checked every 10 seconds.